 Dungeon Crawl Stone Soup version 0.17-a0-963-gaa5423c (webtiles) character file.

67 namelastname112 the Vexing (level 4, -1/49 HPs)
             Began as a Draconian Enchanter on May 8, 2015.
             Slain by Somebody's ghost (3 damage)
             ... on level 3 of the Dungeon.
             The game lasted 00:04:43 (1917 turns).

namelastname112 the Vexing (Draconian Enchanter)    Turns: 1917, Time: 00:04:43

Health: -1/49      AC: 22    Str: 10    XL:     4   Next: 0%
Magic:  10/16      EV:  2    Int: 21    God:
Gold:   197        SH:  0    Dex: 12    Spells: 3 memorised, 2 levels left

rFire  . . .     SeeInvis .     a - +1 dagger
rCold  + . .     Clarity  .     (armour unavailable)
rNeg   + + +     SustAb   .     (no shield)
rPois  +         Gourm    .     (helmet currently unavailable)
rElec  .         Spirit   .     (cloak currently unavailable)
rCorr  .         Warding  .     (gloves currently unavailable)
rMut   .         NoTele   +     (boots currently unavailable)
MR     .....                    (no amulet)
Stlth  +++.......               t - ring of magical power
                                l - ring of protection from cold

@: brilliant, tree-form, very slightly contaminated, not resistant to hostile
enchantments, fairly stealthy
A: unfitting armour, (cold-blooded), AC +5
a: no special abilities


You were on level 3 of the Dungeon.
You were hungry.
You were a tree.
You visited 1 branch of the dungeon, and saw 3 of its levels.

You collected 197 gold pieces.

Inventory:

Hand weapons
 a - a +1 dagger (weapon)
Jewellery
 l - a ring of protection from cold (left branch)
 t - a ring of magical power (right branch)
Magical devices
 q - a wand of polymorph (7)
Scrolls
 n - a scroll of random uselessness {unknown}
 p - 2 scrolls of fog {unknown}
 r - a scroll of recharging {unknown}
 s - a scroll of identify {unknown}
 v - a scroll of remove curse {unknown}
Potions
 d - a potion of brilliance
 e - a potion of lignification
 f - 2 potions of haste {unknown}
 h - a potion of might {unknown}
 i - 2 potions of degeneration {unknown}
 j - a potion of flight {unknown}
 o - a potion of curing {unknown}
 u - a potion of ambrosia {unknown}
Books
 b - a book of Maledictions

   Spells                             Type                      Level
   a - Corona                         Hexes                        1
   b - Ensorcelled Hibernation        Hexes/Ice                    2
   c - Confuse                        Hexes                        3
   d - Tukima's Dance                 Hexes                        3
   e - Dazzling Spray                 Conjuration/Hexes            3
Comestibles
 c - 2 bread rations
 g - a fruit
 k - a meat ration
 m - 2 slices of pizza


   Skills:
 + Level 1.9 Short Blades
 + Level 2.4 Dodging
 + Level 2.8 Stealth
 + Level 2.6 Spellcasting
 + Level 3.1 Hexes


You had 2 spell levels left.
You knew the following spells:

 Your Spells              Type           Power        Failure   Level  Hunger
b - Corona                Hex            ####...      1%          1    None
x - Confuse               Hex            ####....     1%          3    ###....
z - Ensorcelled Hibernat  Hex/Ice        ###...       1%          2    ##.....


Dungeon Overview and Level Annotations

Branches:
Dungeon (3/15)

Altars:

Annotations:
D:3 Somebody's ghost, weakling DgIE


Innate Abilities, Weirdness & Mutations

((Your plain brown scales are hard (AC +5).))
Your body does not fit into most forms of armour.
((You are cold-blooded and may be slowed by cold attacks.))


Message History

Confirm with . or Enter, or press ? or * to list all spells.
Aiming: Confuse
Press: ? - help, Shift-Dir - straight line, f/p - Somebody's ghost
Aim: Somebody's ghost (lightly damaged, chance 50%)
You miscast Confuse.
You are very lightly contaminated with residual magic.
You feel off-balance for a moment.
You are feeling hungry.
Somebody's ghost hits you!
* * * LOW HITPOINT WARNING * * *
Drink which item? (? for menu, Esc to quit)
It was a potion of lignification.
You turn into a tree.
Your roots penetrate the ground.
Somebody's ghost stares at you.
Somebody's ghost hits you but does no damage.
Drink which item? (? for menu, Esc to quit)
It was a potion of brilliance.
You feel clever all of a sudden. Somebody's ghost hits you.
You die...

. ..# #.# #.#.###. #.#.#
#.# #...# #. #.#.###.###
#...###. #.........#
#..(...# .######.###.#.#
##.##.## ........# #.#.#
#.##.# ######..# #.#.#
#.##.#
#####..###.#.######.##.#
........W♣..#....†......#
######..######.......####
.....# #.####### ####.##
#.# #. #.# #. #.# #? #.#
..#


You could see Somebody's ghost.

Vanquished Creatures
  An adder (D:2)
  An ooze (D:2)
  A worm (D:2)
  2 giant geckos
  An orc (D:3)
  3 giant cockroaches
  5 goblins
  4 hobgoblins
  4 jackals (D:2)
  7 kobolds
  3 quokkas
  6 bats
  3 giant newts
  6 rats
47 creatures vanquished.

Notes
Turn   | Place    | Note
--------------------------------------------------------------
     0 | D:1      | namelastname112, the Draconian Enchanter, began the quest for the Orb.
     0 | D:1      | Reached XP level 1. HP: 14/14 MP: 3/3
   131 | D:1      | Reached XP level 2. HP: 15/20 MP: 5/5
   140 | D:1      | Learned a level 2 spell: Ensorcelled Hibernation
   789 | D:2      | Reached XP level 3. HP: 23/26 MP: 3/6
   794 | D:2      | Learned a level 3 spell: Confuse
   889 | D:2      | Reached skill level 3 in Hexes
  1886 | D:3      | Reached XP level 4. HP: 33/33 MP: 7/7
  1896 | D:3      | Noticed Somebody's ghost (weakling DgIE)
  1915 | D:3      | HP: 1/33 [Somebody's ghost (9)]
  1917 | D:3      | Slain by Somebody's ghost

Action                   |  1- 3 |  4- 6 || total
-------------------------+-------+-------++-------
Melee: Dagger            |   164 |     6 ||   170
 Cast: Corona            |     3 |       ||     3
       Ensorcelled Hiber |    12 |       ||    12
       Confuse           |       |     2 ||     2
  Use: Potion            |       |     2 ||     2
 Stab: Sleeping          |    10 |       ||    10
  Eat: Chunk             |     4 |       ||     4
